 Dungeon Crawl Stone Soup version 0.28.0-45-g0d030f2227 (webtiles) character file.

Game seed: 6303686408329737353

135 Naeght the Poker (level 5, -5/37 (41) HPs)
             Began as a Merfolk Gladiator on Apr 22, 2022.
             Slain by a wight
             ... wielding a +2 dagger
              (6 damage)
             ... on level 3 of the Dungeon.
             The game lasted 00:03:37 (2711 turns).

Naeght the Poker (Merfolk Gladiator)                Turns: 2711, Time: 00:03:38

HP:   -5/37 (41)    AC:  4    Str: 17    XL:     5   Next: 18%
MP:   5/5           EV: 13    Int:  7    God:
Gold: 125           SH:  0    Dex: 15    Spells: 3/4 levels left

rFire   . . .      SeeInvis .   a - +0 trident
rCold   . . .      Faith    .   (no shield)
rNeg    . . .      Spirit   .   b - +0 leather armour
rPois   .          Reflect  .   c - +0 helmet
rElec   .          Harm     .   (no cloak)
rCorr   .          Rampage  .   (no gloves)
Will    .....                   (no boots)
Stlth   +.........              (no amulet)
HPRegen 0.12/turn               (no ring)
MPRegen 0.09/turn               (no ring)

@: drained
A: (nimble swimmer 2), mertail
a: no special abilities


You were on level 3 of the Dungeon.
You visited 1 branch of the dungeon, and saw 3 of its levels.

You collected 125 gold pieces.

Inventory:

Hand Weapons
 a - a +0 trident (weapon)
Missiles
 d - 3 throwing nets (quivered)
Armour
 b - a +0 leather armour (worn)
 c - a +0 helmet (worn)
Jewellery
 g - a ring of fire
 l - an amulet of guardian spirit
Scrolls
 e - 6 scrolls of identify {unknown}
 i - a scroll of fear {unknown}
 k - a scroll of silence {unknown}
 m - a scroll of summoning {unknown}
Potions
 f - 2 potions of degeneration {unknown}
 h - a potion of cancellation {unknown}
 j - a potion of haste {unknown}
 n - a potion of curing {unknown}


   Skills:
 - Level 3.1 Fighting
 * Level 7.1 Polearms
 - Level 2.0 Throwing
 - Level 4.9 Dodging


You had 3 spell levels left.
You knew the following spells:

 Your Spells              Type           Power      Damage    Failure   Level
a - Sting                 Tmut/Pois      0%         1d3       50%         1

Your spell library contained the following spells:

 Spells                   Type           Power      Damage    Failure   Level
 Poisonous Vapours        Pois/Air       0%         N/A       65%         2
 Olgreb's Toxic Radiance  Pois           0%         N/A       99%         4


Dungeon Overview and Level Annotations

Branches:
Dungeon (3/15)

Altars:

Shops:
D:3 [


Innate Abilities, Weirdness & Mutations

((You are very nimble when in or above water. (Stealth+, EV+, Speed+++)))
Your lower body shifts to a powerful aquatic tail in water.


Message History

Okay, then.
Okay, then.
Memorise Sting, consuming 1 spell level and leaving 3?
You start memorising the spell.
You continue memorising.
You finish memorising.
Spell assigned to 'a'.
Things that are here:
a +0 morningstar; a +0 robe A wight comes into view.
It is wielding a +0 scimitar.
A wight is nearby!
A wight is nearby!
You reach to attack!
You barely miss the wight.
A wight comes into view. It is wielding a +2 dagger.
You closely miss the wight. The wight completely misses you.
You hit the wight but do no damage. The wight hits you with a +0 scimitar.
You completely miss the wight. The wight hits you with a +0 scimitar.
You feel drained.
You closely miss the wight. You barely miss the wight. The wight misses you.
The wight hits you with a +0 scimitar.
You feel drained.
You hit the wight.
The wight is lightly damaged.
The wight hits you with a +2 dagger. The wight hits you with a +0 scimitar.
You feel drained.
You hit the wight.
The wight is lightly damaged.
You hit the wight but do no damage.
The wight is lightly damaged.
The wight barely misses you. The wight hits you with a +0 scimitar.
You are too injured to fight recklessly!
You are too injured to fight recklessly!
You are too injured to fight recklessly!
You are too injured to fight recklessly!
There are monsters nearby!
There are monsters nearby!
Unknown command.
You barely miss the wight. The wight closely misses you.
The wight hits you with a +0 scimitar!
* * * LOW HITPOINT WARNING * * *
You closely miss the wight. The wight hits you with a +2 dagger.
You die...

##.#.#.#.###.#.# #..# #..#######
.......#.......####..####........
.............#.#........#......>.
###...##..####.########.#........
##.....#..## #†# .##...#.######.
#..........###.###. #.##### #.
##......###.##.#.. #...# #.
#......# #....#z######.# #.
######.###.####@z.)....# #.
##...## ####..#### #. ##.## #..#
#. ###.# #..# #. #...# #..# #####
...# #.### #.


You could see 2 wights.

Vanquished Creatures
  A wight (D:3)
  A gnoll (D:1)
  An adder (D:2)
  A worm (D:2)
  2 dart slugs (D:1)
  An orc (D:3)
  4 ball pythons
  8 bats
  8 endoplasms
  5 giant cockroaches
  9 goblins
  7 hobgoblins
  A jackal (D:2)
  6 kobolds
  3 quokkas (D:1)
  3 frilled lizards
  A rat (D:1)
62 creatures vanquished.

Notes
Turn   | Place    | Note
-------+----------+-------------------------------------------
     0 | D:1      | Naeght the Merfolk Gladiator began the quest for the Orb.
     0 | D:1      | Reached XP level 1. HP: 16/16 MP: 1/1
   158 | D:1      | Reached XP level 2. HP: 22/22 MP: 2/2
   179 | D:1      | Reached skill level 5 in Polearms
   474 | D:1      | Reached XP level 3. HP: 28/28 MP: 3/3
  1410 | D:2      | Reached skill level 6 in Polearms
  1423 | D:2      | Found a faded altar of an unknown god.
  1472 | D:2      | Reached XP level 4. HP: 34/34 MP: 4/4
  2306 | D:3      | Found Moimuoso's Armour Boutique.
  2517 | D:3      | Reached skill level 7 in Polearms
  2517 | D:3      | Reached XP level 5. HP: 17/41 MP: 5/5
  2697 | D:3      | Learned a level 1 spell: Sting
  2710 | D:3      | HP: 1/37 [wight/+0 scimitar (13)]
  2711 | D:3      | Slain by a wight

Illustrated notes

Levels and vault maps discovered:
D:1:      saegor_arrival_under_anarchy, layout_rooms
D:2:      minmay_recursive_quarters, layout_rooms, basic_ecumenical_altar
D:3:      wad_lake_hut, layout_loops_ring, serial_shops, shop, bh_walls_and_bars

Skill      XL: |  1  2  3  4 |
---------------+-------------+-----
Polearms       | 5 6 7 |  7.1
Fighting       | 3 |  3.1
Throwing       | |  2.0
Dodging        | |  4.9

Action                   |  1- 3 |  4- 6 || total
-------------------------+-------+-------++-------
Melee: Trident           |   125 |    79 ||   204
       Punch             |     3 |       ||     3
 Stab: Sleeping          |     1 |     1 ||     2
Armor: Leather armour    |    32 |    19 ||    51
Dodge: Dodged            |    78 |    66 ||   144
